[Event "5th Baskent University Open 2022"]
[Site "Ankara"]
[Date "2022.07.04"]
[Round "4.9"]
[White "Unver, Cumali"]
[Black "Ozer, Omer Faruk"]
[Result "0-1"]
[ECO "B30"]
[WhiteElo "2046"]
[BlackElo "2317"]
[Annotator "TA"]
[PlyCount "76"]
[EventDate "2022.07.02"]
[EventType "swiss"]
[EventCountry "TUR"]
[SourceTitle "playchess.com"]
[Source "ChessBase"]
[SourceQuality "1"]
[TimeControl "5400+30"]

1. e4 c5 2. Nf3 Nc6 3. Bb5 e6 4. O-O Nge7 5. Re1 Ng6 6. c3 d5 7. Qa4 {[%emt 0:08:30] B30: Sicilian: 2...Nc6 3 Bb5, lines without ...g6.} Be7 8. d4 {[%emt 0:05:30] [#]} dxe4 $146 ({Predecessor:} 8... O-O 9. exd5 Qxd5 10. dxc5 Bxc5 11. Nbd2 Be7 12. Nc4 Qd8 13. Bxc6 bxc6 14. Nd4 c5 {½-½ (31) Wang,H (2752)-Carlsen,M (2861) Wijk aan Zee 2013}) 9. Bxc6+ {[%emt 0:01:30] White is slightly better.} (9. Rxe4 Bd7 10. Qd1 cxd4 $15) 9... bxc6 10. Qxc6+ Bd7 11. Qxe4 Rc8 12. Ne5 cxd4 13. cxd4 f5 14. Qe2 Nxe5 15. dxe5 O-O 16. Nc3 Qe8 17. f4 Bc6 18. Be3 g5 19. Rad1 Rf7 20. Qa6 (20. fxg5 $11 f4 21. Bf2 (21. Bxa7 f3 $15)) 20... gxf4 $17 21. Bxf4 Rg7 22. Rd2 Rd8 ({Black should try} 22... Bc5+ $17 23. Be3 Bb7) 23. Ree2 (23. Rf2 $11) 23... Bc5+ 24. Kf1 {[%emt 0:04:30] [#] Threatens to win with Rxd8.} Bf3 $1 25. Rf2 Bxf2 {[%emt 0:01:38] A strong pair of Bishops.} ({Black should play} 25... Bb7 $17 26. Qb5 Bxf2 27. Qxe8+ Rxe8 28. Rxf2 Rd8) 26. Rxd8 $11 Bxg2+ 27. Kxf2 Qxd8 {[%emt 0:00:00] Chess con chili.} 28. Qxe6+ Kh8 29. Qxf5 Bc6 (29... Bb7 $5 30. Be3 Qh4+ 31. Ke2 Qxh2+ 32. Kd3 Ba6+ 33. Kd4 Qh4+ 34. Ne4 Bb7 35. Qf8+ Rg8 36. Qf6+ Qxf6 37. Nxf6 Rd8+ 38. Kc4 Rc8+ 39. Kd3 Kg7 40. Bxa7 Kg6 $17) 30. Bg3 ({Of course not} 30. Qf6 Qxf6 31. exf6 Rg2+ 32. Ke3 Kg8 $17) (30. Ne2 $11) 30... Qd4+ (30... Kg8 $15 31. Ke1 (31. Qe6+ Rf7+ 32. Ke1 Bf3 $17) 31... Rg6) 31. Ke2 {[%emt 0:00:52] [#]} (31. Ke1 $1 $11 {keeps the balance.} Qe3+ 32. Ne2) 31... Qc4+ $1 $17 {[%emt 0:01:38][%mdl 1024] Black has strong compensation.} 32. Qd3 Qg4+ 33. Ke1 Rd7 $36 {[%emt 0:01:45][%mdl 2048] Inhibits Qd8+. Black is on the roll.} 34. Qf1 {[%emt 0:02:09] And now Qf8+ would win.} Kg8 {[%emt 0:01:03] Against Qf8+. Black is much more active.} 35. Qf6 $2 {[%emt 0:01:19][%mdl 8192] [#]} (35. Qf4 $17 Qxf4 36. Bxf4) 35... Bb5 $1 $19 {[%emt 0:00:30][%cal Od7d1] ...Rd1+! is the strong threat.} 36. Qh4 $2 {[%emt 0:07:38] [#]} (36. Nxb5 {gets mated.} Qe4+ 37. Kf1 Rd1+) (36. Qf2 $19 Bc4 37. Bh4) 36... Rd1+ $3 37. Kf2 Rf1+ $2 (37... Qf5+ {mates} 38. Qf4 Rf1+ 39. Kg2 Rxf4 40. Bxf4 Qxf4 41. Nxb5 Qd2+ 42. Kg3 Qd3+ 43. Kf4 Qf1+ 44. Kg4 Qxb5 45. Kf5 Qxb2 46. e6 Qxa2 47. h4 a5 48. Kf6 a4 49. Ke5 a3 50. Kd6 Qe2 51. e7 a2 52. Kd7 Qb5+ 53. Kd6 a1=Q 54. e8=Q+ Qxe8 55. Kc5 Qae5+ 56. Kb6 Q8b5+ 57. Ka7 Qeb8#) 38. Kg2 $2 (38. Ke3 $15 Rf3+ 39. Kd2 Qd7+ 40. Kc1) 38... Qf3+ {[%emt 0:00:00] Weighted Error Value: White=0.75/Black=0.35} 0-1

[Event "5th Baskent University Open 2022"]
[Site "Ankara"]
[Date "2022.07.04"]
[Round "4.11"]
[White "Ozsoy, Alimert"]
[Black "Ozturk, Efe Hakan"]
[Result "1/2-1/2"]
[ECO "E05"]
[WhiteElo "2263"]
[BlackElo "2115"]
[Annotator "TA"]
[PlyCount "97"]
[EventDate "2022.07.02"]
[EventType "swiss"]
[EventCountry "TUR"]
[SourceTitle "playchess.com"]
[Source "ChessBase"]
[SourceQuality "1"]
[TimeControl "5400+30"]

1. Nf3 Nf6 2. g3 d5 3. Bg2 e6 4. d4 Be7 5. O-O O-O 6. c4 dxc4 7. Qc2 a6 8. Qxc4 b5 9. Qc2 Bb7 10. Bf4 Nc6 11. Nc3 Nb4 12. Qb1 c5 {[%emt 0:07:30] E05: Open Catalan: 5 Nf3 Be7.} 13. dxc5 Bxc5 {[%emt 0:00:00] [#]} 14. Bg5 $146 ({Predecessor:} 14. Be5 Ng4 15. a3 Nxe5 16. Nxe5 Bxg2 17. Kxg2 Nd5 18. Ne4 Bd6 19. Nf3 Be7 20. Rc1 {½-½ (38) Turner,M (2545)-McPhillips,J (2401) Coventry 2017}) 14... Qb6 15. Bxf6 gxf6 16. e3 Rfd8 17. a3 Nd5 18. Nxd5 Bxd5 19. b4 Bf8 20. Nd4 Bxg2 {[%emt 0:01:10] The position is equal.} 21. Kxg2 Qb7+ 22. Kg1 f5 23. Ra2 a5 24. Rc2 axb4 25. axb4 Rdc8 26. Rxc8 Rxc8 27. Rc1 Rxc1+ 28. Qxc1 Bxb4 $11 {[%emt 0:00:04][%mdl 4096] Endgame KQB-KQN} 29. Qf1 Bc3 {[%emt 0:04:01] [#] Strongly threatening ...Bxd4.} 30. Qxb5 Qxb5 31. Nxb5 {[%emt 0:00:30] KB-KN} Be5 32. Kf1 Kf8 33. Ke2 Ke7 34. Kd3 Kd7 35. h3 Bf6 36. Kc4 h6 37. Na3 Kd6 38. Nc2 Be5 39. Nb4 Bf6 40. Nd3 e5 41. Nb4 Bd8 42. Nd5 Ba5 43. g4 Ke6 44. gxf5+ Kxf5 45. f3 Kg5 {[%emt 0:00:43] [#] White must now prevent ...Kh4.} 46. Kd3 f5 47. f4+ exf4 48. exf4+ Kh4 49. Ne3 {[%emt 0:00:00] An interesting draw.  Weighted Error Value: White=0.02 (flawless) /Black=0.03 (flawless)} 1/2-1/2

[Event "5th Baskent University Open 2022"]
[Site "Ankara"]
[Date "2022.07.04"]
[Round "4.12"]
[White "Citak, Selim"]
[Black "Yerden, Huseyin Eren"]
[Result "1/2-1/2"]
[ECO "E36"]
[WhiteElo "2176"]
[BlackElo "2050"]
[Annotator "RC"]
[PlyCount "110"]
[EventDate "2022.07.02"]
[EventType "swiss"]
[EventCountry "TUR"]
[SourceTitle "playchess.com"]
[Source "ChessBase"]
[SourceQuality "1"]
[TimeControl "5400+30"]

1. d4 Nf6 2. c4 e6 3. Nc3 Bb4 4. Qc2 O-O 5. a3 Bxc3+ 6. Qxc3 d5 7. Bg5 c6 8. Nf3 dxc4 9. Qxc4 Qa5+ 10. b4 Qd5 11. Qxd5 cxd5 12. Rc1 Nbd7 13. e3 Nb6 14. Bxf6 gxf6 15. Nd2 Bd7 16. Nb3 Rfc8 17. Rxc8+ Rxc8 18. Nc5 Be8 19. Kd2 Rc7 20. Bd3 a6 21. Ra1 Bb5 22. a4 Bxd3 23. Kxd3 f5 24. f3 Kg7 25. g4 fxg4 26. Rg1 h5 27. h3 Nc4 28. hxg4 hxg4 29. Rxg4+ Kf8 30. a5 Nd6 31. e4 dxe4+ 32. fxe4 Nc8 33. Rf4 Ke7 34. Rh4 Kd6 35. Rh8 Kc6 36. Rd8 Kb5 37. Kc3 b6 38. axb6 Kxb6 39. Kc4 a5 40. b5 e5 41. Rh8 Nd6+ 42. Kd5 Nb7 43. Rh6+ Kxb5 44. Nxb7 Rxb7 45. Kxe5 a4 46. Rh1 Re7+ 47. Kd5 Rd7+ 48. Ke5 Kc4 49. d5 a3 50. d6 a2 51. Ra1 Kb3 52. Kd5 Kb2 53. Rxa2+ Kxa2 54. Kc6 Rd8 55. Kc7 Rh8 1/2-1/2

[Event "5th Baskent University Open 2022"]
[Site "Ankara"]
[Date "2022.07.04"]
[Round "4.13"]
[White "Altun, Arda"]
[Black "Sevgi, Volkan"]
[Result "1/2-1/2"]
[ECO "B17"]
[WhiteElo "2213"]
[BlackElo "2305"]
[Annotator "TA"]
[PlyCount "98"]
[EventDate "2022.07.02"]
[EventType "swiss"]
[EventCountry "TUR"]
[SourceTitle "playchess.com"]
[Source "ChessBase"]
[SourceQuality "1"]
[TimeControl "5400+30"]

1. e4 c6 2. d4 d5 3. Nd2 dxe4 4. Nxe4 Nd7 5. Nf3 Ngf6 6. Nxf6+ Nxf6 7. Bd3 Bg4 8. Be3 {[%emt 0:07:30] B17: Caro-Kann: Modern Line (4...Nd7).} e6 9. h3 Bh5 10. Qe2 Qd5 11. g4 Bg6 (11... Nxg4 $5 12. Bc4 (12. hxg4 $2 Bxg4 13. c4 Qxf3 $19) 12... Qf5 $11) 12. Bc4 Qa5+ 13. Bd2 {[%emt 0:01:30] [#]} Bb4 $146 ({Predecessor:} 13... Qb6 14. O-O-O Be4 15. Rhe1 Bd5 16. Ne5 Ne4 17. f3 Nxd2 18. Rxd2 Be7 {½-½ (32) Radivojevic,Z-Damjanovic,D (2290) Vrnjacka Banja 2006}) 14. c3 Bd6 15. Nh4 O-O-O (15... Be4 $5 16. O-O h6 $14) 16. Nxg6 hxg6 17. O-O-O Qc7 18. Qf3 c5 19. dxc5 Qxc5 20. Bb3 {[%emt 0:00:30] Black must now prevent g5.} Qc6 (20... Bc7 {is more complex.} 21. Be3 Rxd1+ 22. Kxd1 Qd6+) 21. Qxc6+ bxc6 22. Be3 Kb7 23. c4 Bc7 24. Rxd8 Bxd8 25. Rd1 Bb6 26. g5 Bxe3+ 27. fxe3 $14 {[%emt 0:00:00][%mdl 4096] Endgame KRB-KRN} Ne4 28. Rd7+ Kb6 29. Rxf7 Rxh3 30. Rxg7 Rh1+ 31. Kc2 Rh2+ 32. Kd3 Nc5+ 33. Kc3 Ne4+ 34. Kd4 Nc5 (34... Rh4 $16) 35. Rxg6 $18 a5 {[%emt 0:00:47] [#]} 36. Kc3 $2 (36. Rg8 $1 $18) 36... Ne4+ $1 $11 37. Kd4 $2 (37. Kd3 $11 Nc5+ 38. Kc3) 37... Nc5 $18 {[%emt 0:00:01] [#]} 38. Ke5 $2 (38. Rg8 $1 $18) 38... Rd2 $2 ({Better is} 38... a4 $1 $14) 39. Rg8 {[%emt 0:00:33] g6 is the strong threat.} a4 {[%emt 0:00:32] [#]} 40. Bxa4 $1 Nxa4 {[%emt 0:00:03] KRN-KR} 41. g6 {[%emt 0:01:04][%cal Bg5g6,Bg6g7][%mdl 32] Threatens to win with g7.} ({Weaker is} 41. Kxe6 Nc5+ 42. Kf7 Rf2+ 43. Ke7 Re2 $14) 41... Rg2 42. g7 ({Not} 42. Kxe6 Nxb2 43. g7 Kc5 $16) 42... Kb7 {[%emt 0:00:18] Prevents Rb8+.} 43. Kxe6 $2 ({White should try} 43. b3 $18 Nc5 44. Kd6 Ne4+ 45. Kxe6) 43... Nxb2 $11 {[%emt 0:00:48] The position is equal.} 44. Kf6 Rf2+ $1 45. Ke7 {[%emt 0:00:26][%cal Og8b8] And now Rb8+! would win.} Rg2 46. Kf6 Rf2+ $1 47. Ke7 {[%emt 0:00:30][%cal Og8b8] Hoping for Rb8+!} Rg2 48. c5 Na4 49. Kf7 Rf2+ {[%emt 0:00:07] Blacks defense is rewarded with a draw.  Weighted Error Value: White=0.24 (precise) /Black=0.14 (very precise)} 1/2-1/2

[Event "5th Baskent University Open 2022"]
[Site "Ankara"]
[Date "2022.07.04"]
[Round "4.14"]
[White "Khoder, Akram"]
[Black "Bicer, Atakan Mert"]
[Result "1-0"]
[ECO "D30"]
[WhiteElo "2038"]
[BlackElo "2368"]
[Annotator "TA"]
[PlyCount "128"]
[EventDate "2022.07.02"]
[EventType "swiss"]
[EventCountry "TUR"]
[SourceTitle "playchess.com"]
[Source "ChessBase"]
[SourceQuality "1"]
[TimeControl "5400+30"]

1. d4 Nf6 2. c4 e6 3. g3 d5 4. Bg2 c5 5. cxd5 exd5 6. Nf3 Nc6 7. O-O Bg4 8. Ne5 {[%emt 0:05:30] D30: Queen's Gambit Declined: Systems without Nc3.} Bf5 (8... Nxd4 $2 9. Nxg4 (9. Nc3 Be6 $14) 9... Nxg4 10. e3 $18) 9. Nxc6 bxc6 10. Nc3 {[%emt 0:00:00] White is slightly better.} Be7 11. dxc5 Bxc5 12. Na4 Bd6 13. Be3 O-O 14. Rc1 Qd7 15. Bc5 Rfe8 {[%emt 0:01:30] [#]} 16. Bd4 $146 ({Predecessor:} 16. e3 Be4 17. Bxd6 Bxg2 18. Kxg2 Qxd6 19. Qc2 Rac8 20. Nc5 Ne4 21. Nxe4 Rxe4 22. Rfd1 {1-0 (44) Voit,D (2360)-Franco Valencia,A (2089) Chess.com INT 2021}) 16... Re6 (16... Ne4 $11) 17. Bxf6 (17. Nc5 $14 Bxc5 18. Rxc5) 17... Rxf6 $11 18. e4 Bxe4 19. Bxe4 dxe4 20. Qc2 Qg4 21. Rfe1 Re8 22. Re3 h5 23. Qe2 (23. Qxc6 $11 Re5 24. Qb7) 23... Qf5 ({Black should play} 23... Rf3 $17 {Threatens to win with ...Bf4.} 24. Rxf3 Qxf3) 24. Rc4 h4 25. Rcxe4 Rxe4 26. Rxe4 h3 27. Nc3 Bc7 28. Re8+ Kh7 29. Qe4 Bb6 30. Qxf5+ (30. Re5 $5 Qxe4 31. Nxe4 $14) 30... Rxf5 {[%emt 0:00:30][%mdl 4096] Endgame KRB-KRN} 31. Re2 Kg6 32. Rd2 f6 33. Kf1 Be3 34. Rc2 Bd4 (34... Bb6 $11) 35. Ne4 (35. Ne2 $1 $14 Rxf2+ 36. Ke1) 35... c5 36. f4 Kh5 37. Rd2 g5 38. Ke2 (38. Nd6 $11 Rd5 39. Ne4) 38... gxf4 $17 39. Kf3 {[%emt 0:00:30] [#] Hoping for g4+.} fxg3+ 40. Kxg3 a5 (40... Re5 $17 41. Kf4 Kg6) 41. Kxh3 $11 {[%emt 0:00:46] And now Ng3+ would win.} Rf4 42. Re2 f5 43. Ng3+ Kg5 44. Kg2 a4 45. Rc2 Kh4 46. Re2 Kg4 47. Rc2 Kg5 48. Rd2 Rh4 49. Kf3 Bg1 50. Nf1 ({Much weaker is} 50. Rd5 Rf4+ 51. Kg2 Bd4 $17) 50... Kf6 51. Re2 Rh7 52. Nd2 (52. b3 $11 {remains equal.}) 52... Bxh2 $17 53. b3 axb3 54. axb3 Bc7 55. Re8 Rh3+ 56. Ke2 Rc3 57. Rc8 Ba5 58. Nc4 Bb4 59. Ne3 {[%emt 0:00:23] [#] Black must now prevent Nd5+.} Rxb3 60. Rf8+ Ke5 61. Nxf5 (61. Re8+ $11 {keeps the balance.} Kf6 62. Rf8+ Ke5 63. Nxf5) 61... c4 62. Rf7 ({White should try} 62. Rc8) 62... Rb2+ (62... Ke4 $142 {...Rd3 is the strong threat.} 63. Rc7 Rb2+ 64. Kd1 c3 65. Ng3+ Ke5) 63. Kd1 Bc5 {[%emt 0:01:37] Inhibits Ne3.} (63... Rd2+ $17 64. Kc1 c3) 64. Ng3 $1 $11 c3 {[%emt 0:01:11][%mdl 32768] Weighted Error Value: White=0.19 (very precise) /Black=0.18 (very precise) . Loss on time!?} 1-0

[Event "5th Baskent University Open 2022"]
[Site "Ankara"]
[Date "2022.07.04"]
[Round "4.15"]
[White "Ozkan, Taha"]
[Black "Tarhan, Adar"]
[Result "0-1"]
[ECO "D36"]
[WhiteElo "2357"]
[BlackElo "2201"]
[Annotator "TA"]
[PlyCount "62"]
[EventDate "2022.07.02"]
[EventType "swiss"]
[EventCountry "TUR"]
[SourceTitle "playchess.com"]
[Source "ChessBase"]
[SourceQuality "1"]
[TimeControl "5400+30"]

1. d4 d5 2. c4 e6 3. Nc3 Nf6 4. cxd5 exd5 5. Bg5 Be7 6. e3 c6 7. Bd3 Nbd7 8. Qc2 Nh5 9. Bxe7 Qxe7 10. O-O-O Nb6 11. Kb1 {[%emt 0:01:00] D36: Queen's Gambit Declined: Exchange Variation: Main line (5 Bg5 c6 6 Qc2).} g6 12. h3 Ng7 13. Nge2 {[%emt 0:01:30] The position is equal.} Bf5 {[%emt 0:00:00] [#]} 14. Bxf5 $146 ({Predecessor:} 14. Nf4 O-O-O 15. Ka1 Kb8 16. Rc1 h5 17. Bxf5 Nxf5 18. Nd3 Nd6 19. Nc5 Nd7 20. N3a4 Nxc5 21. Nxc5 {½-½ (33) Aravindh,C (2609)-Adams,M (2694) Khanty-Mansiysk 2019}) 14... Nxf5 15. a4 Nc4 16. Ka1 {[%emt 0:00:30] [#]} a6 (16... Ncxe3 $1 $15 17. fxe3 Nxe3) 17. b3 {[%emt 0:03:30] [#]} (17. Nf4 $11) 17... Na5 {[%emt 0:01:30] Black is more active.} (17... Nfxe3 $1 $15 18. fxe3 Nxe3) 18. Ka2 b5 19. Nf4 O-O 20. Nd3 Rfb8 21. Rb1 Nd6 22. h4 Ne4 23. Ne5 (23. h5 $14) 23... bxa4 $11 24. Nxa4 Rb4 $40 {[%emt 0:14:30][%mdl 128] Hoping for ...Rab8. Black has some attack.} ({Much weaker is} 24... Qb4 25. Nd3 Qe7 26. Ndc5 $11) 25. Nd3 {[%emt 0:14:30] [#]} Rb5 {[%emt 0:01:30] White must now prevent ...Rab8.} 26. Ndc5 Nxc5 27. Nxc5 Nb7 (27... Rab8 $17 {[%cal Oa5c4] ...Nc4! is the strong threat.} 28. Qc3 Nb7 29. Nxb7 R8xb7) 28. Nxb7 $15 Qxb7 29. Rhc1 Rb8 30. Rb2 Qe7 31. h5 $2 {[%emt 0:05:30][%mdl 8192] [#]} (31. Qd2 $17) 31... Qa3+ $3 {[%emt 0:00:30][%mdl 512] Weighted Error Value: White=0.55/Black=0.14 (very precise)} 0-1

[Event "5th Baskent University Open 2022"]
[Site "Ankara"]
[Date "2022.07.04"]
[Round "4.16"]
[White "Maruflu, Enes Yusuf"]
[Black "Primbetov, Kazbek"]
[Result "1-0"]
[ECO "E16"]
[WhiteElo "2046"]
[BlackElo "2147"]
[Annotator "RC"]
[PlyCount "73"]
[EventDate "2022.07.02"]
[EventType "swiss"]
[EventCountry "TUR"]
[SourceTitle "playchess.com"]
[Source "ChessBase"]
[SourceQuality "1"]
[TimeControl "5400+30"]

1. d4 e6 2. c4 b6 3. Nf3 Bb7 4. g3 Nf6 5. Bg2 c5 6. d5 exd5 7. Nh4 g6 8. Nc3 Bg7 9. cxd5 O-O 10. O-O d6 11. e4 Nbd7 12. f4 Re8 13. Re1 a6 14. a4 c4 15. Nf3 Nc5 16. e5 Ng4 17. h3 Nh6 18. Ne4 Nxe4 19. Rxe4 dxe5 20. Rxe5 Bxe5 21. fxe5 Nf5 22. g4 Ne7 23. d6 Nd5 24. Qd4 f6 25. Bh6 Re6 26. Rd1 b5 27. Qc5 Rc8 28. Qa7 Qb6+ 29. Qxb6 Nxb6 30. Nd4 Bxg2 31. Nxe6 Bxh3 32. d7 Nxd7 33. Rxd7 Bxg4 34. Rg7+ Kh8 35. Nc7 Rd8 36. Re7 fxe5 37. Ne8 1-0

[Event "5th Baskent University Open 2022"]
[Site "Ankara"]
[Date "2022.07.04"]
[Round "4.17"]
[White "Cakiroglu, Metin"]
[Black "Eke, Salih"]
[Result "1-0"]
[ECO "D00"]
[WhiteElo "2068"]
[BlackElo "2195"]
[Annotator "RC"]
[PlyCount "63"]
[EventDate "2022.07.02"]
[EventType "swiss"]
[EventCountry "TUR"]
[SourceTitle "playchess.com"]
[Source "ChessBase"]
[SourceQuality "1"]
[TimeControl "5400+30"]

1. d4 d5 2. Nc3 Nf6 3. Bf4 Bf5 4. f3 e6 5. g4 Bg6 6. h4 h6 7. e3 Bd6 8. Nh3 O-O 9. Bd3 c5 10. Bxg6 fxg6 11. Qd3 cxd4 12. exd4 Bxf4 13. Nxf4 Qd6 14. Nxg6 Qg3+ 15. Kd2 Nc6 16. Ne2 Qd6 17. Nxf8 Rxf8 18. g5 Nh5 19. c3 e5 20. gxh6 exd4 21. cxd4 Nf4 22. Qe3 Nxe2 23. Kxe2 Rf6 24. Kf2 Re6 25. Qd2 Rxh6 26. Rag1 Ne7 27. Qg5 Rg6 28. Qe5 Qb4 29. Rxg6 Qd2+ 30. Kg3 Nxg6 31. Qxd5+ Kf8 32. Qf5+ 1-0

[Event "5th Baskent University Open 2022"]
[Site "Ankara"]
[Date "2022.07.04"]
[Round "4.18"]
[White "Cansu, Batuhan"]
[Black "Cevizci, Yusuf Baran"]
[Result "1/2-1/2"]
[ECO "D11"]
[WhiteElo "2083"]
[BlackElo "2144"]
[Annotator "RC"]
[PlyCount "66"]
[EventDate "2022.07.02"]
[EventType "swiss"]
[EventCountry "TUR"]
[SourceTitle "playchess.com"]
[Source "ChessBase"]
[SourceQuality "1"]
[TimeControl "5400+30"]

1. d4 d5 2. Nf3 Nf6 3. g3 Bf5 4. Bg2 h6 5. c4 c6 6. Nc3 e6 7. Qb3 Qb6 8. c5 Qxb3 9. axb3 Na6 10. Ra4 Nc7 11. b4 Be7 12. h4 Nd7 13. O-O Nb5 14. Ra1 f6 15. Nxb5 cxb5 16. Nd2 Nb8 17. e4 dxe4 18. Nxe4 Nc6 19. Nc3 Kf7 20. d5 exd5 21. Nxd5 Rhd8 22. Bd2 Be6 23. Nc7 Rac8 24. Nxe6 Rxd2 25. Nf4 g5 26. hxg5 hxg5 27. Nd5 Rxb2 28. Nxe7 Nxe7 29. Rxa7 Rxb4 30. Rxb7 Rxc5 31. Re1 Re5 32. Rxe5 fxe5 33. Bf1 Rb1 1/2-1/2

[Event "5th Baskent University Open 2022"]
[Site "Ankara"]
[Date "2022.07.04"]
[Round "4.19"]
[White "Primbetov, Marat"]
[Black "Kocak, Can"]
[Result "1-0"]
[ECO "B06"]
[WhiteElo "2186"]
[BlackElo "2057"]
[Annotator "RC"]
[PlyCount "89"]
[EventDate "2022.07.02"]
[EventType "swiss"]
[EventCountry "TUR"]
[SourceTitle "playchess.com"]
[Source "ChessBase"]
[SourceQuality "1"]
[TimeControl "5400+30"]

1. e4 d6 2. d4 g6 3. Nc3 Bg7 4. Be3 a6 5. Qd2 b5 6. a3 Bb7 7. f3 Nd7 8. Nge2 Rc8 9. d5 c6 10. dxc6 Bxc6 11. Nd4 Bb7 12. Be2 Ngf6 13. O-O O-O 14. a4 b4 15. Na2 a5 16. c3 bxc3 17. Nxc3 Nc5 18. Rab1 Na6 19. Rfd1 Nd7 20. Na2 Ndc5 21. b3 d5 22. exd5 Qxd5 23. Qxa5 Qe5 24. Bf2 Nc7 25. b4 N7e6 26. bxc5 Nxd4 27. Rxd4 Qxe2 28. Rd2 Qe5 29. Bd4 Qe6 30. Bxg7 Kxg7 31. Qc3+ Kg8 32. Nb4 Qf5 33. Rc1 Qg5 34. Rdc2 Rfd8 35. c6 Ba8 36. Qc5 e5 37. Nd5 Kg7 38. Qe3 Qh5 39. g4 Qh3 40. Qxe5+ Kg8 41. Ne7+ Kf8 42. Nxc8 Rxc8 43. Qh8+ Ke7 44. Re1+ Kd6 45. Qe5# 1-0

[Event "5th Baskent University Open 2022"]
[Site "Ankara"]
[Date "2022.07.04"]
[Round "4.21"]
[White "Turkmen, Ataberk"]
[Black "Nazli, Sertan"]
[Result "1-0"]
[ECO "A03"]
[WhiteElo "1935"]
[BlackElo "1741"]
[Annotator "RC"]
[PlyCount "91"]
[EventDate "2022.07.02"]
[EventType "swiss"]
[EventCountry "TUR"]
[SourceTitle "playchess.com"]
[Source "ChessBase"]
[SourceQuality "1"]
[TimeControl "5400+30"]

1. f4 d5 2. Nf3 Nf6 3. e3 Bg4 4. b3 g6 5. Bb2 Bg7 6. d3 O-O 7. Nbd2 c5 8. Be2 Nc6 9. Ne5 Bxe2 10. Qxe2 Nd7 11. Nxc6 bxc6 12. Bxg7 Kxg7 13. O-O e5 14. f5 Qg5 15. e4 Rab8 16. Rf3 c4 17. dxc4 Qe7 18. Raf1 f6 19. h4 Nc5 20. Rg3 Rbd8 21. fxg6 Nxe4 22. Nxe4 dxe4 23. gxh7+ Kh8 24. Qxe4 Qc5+ 25. Qe3 Qxe3+ 26. Rxe3 Kxh7 27. Rd3 Kg6 28. Rfd1 Rxd3 29. Rxd3 Rh8 30. g3 Kf5 31. Kf2 Ke4 32. Rf3 Rd8 33. Rxf6 Rd2+ 34. Kg1 Ke3 35. h5 e4 36. h6 Rd7 37. g4 Kd2 38. g5 e3 39. Re6 e2 40. Kf2 Rf7+ 41. Kg3 Rf1 42. h7 Rh1 43. g6 Rg1+ 44. Kf2 Rf1+ 45. Kg2 Rf6 46. Rxe2+ 1-0

[Event "5th Baskent University Open 2022"]
[Site "Ankara"]
[Date "2022.07.04"]
[Round "4.22"]
[White "Engin, Onur Cinar"]
[Black "Buke, Furkan"]
[Result "1/2-1/2"]
[ECO "B22"]
[WhiteElo "1796"]
[BlackElo "1979"]
[Annotator "RC"]
[PlyCount "72"]
[EventDate "2022.07.02"]
[EventType "swiss"]
[EventCountry "TUR"]
[SourceTitle "playchess.com"]
[Source "ChessBase"]
[SourceQuality "1"]
[TimeControl "5400+30"]

1. e4 c5 2. c3 d5 3. exd5 Qxd5 4. d4 Nf6 5. Nf3 e6 6. Be2 Be7 7. Be3 cxd4 8. cxd4 Nc6 9. Nc3 Qd6 10. O-O O-O 11. Rc1 b6 12. Nb5 Qd7 13. Ne5 Nxe5 14. Rc7 Qd8 15. dxe5 Nd5 16. Rxa7 Rxa7 17. Nxa7 Nxe3 18. Qxd8 Rxd8 19. Rc1 Bc5 20. b4 Bxb4 21. Rxc8 Rxc8 22. Nxc8 Nd5 23. Bc4 Bc5 24. Kf1 Kf8 25. Bxd5 exd5 26. Na7 Ke7 27. Ke2 g5 28. Nc6+ Kd7 29. Nb8+ Ke6 30. Nc6 h5 31. f3 Bg1 32. h4 gxh4 33. f4 Kf5 34. Kf3 d4 35. Nb4 Be3 36. Nd5 Bd2 1/2-1/2

[Event "5th Baskent University Open 2022"]
[Site "Ankara"]
[Date "2022.07.04"]
[Round "4.23"]
[White "Turk, Talha Gunes"]
[Black "Metin, Enis"]
[Result "0-1"]
[ECO "B22"]
[WhiteElo "1597"]
[BlackElo "1750"]
[Annotator "NA RC"]
[PlyCount "124"]
[EventDate "2022.07.02"]
[EventType "swiss"]
[EventCountry "TUR"]
[SourceTitle "playchess.com"]
[Source "ChessBase"]
[SourceQuality "1"]
[TimeControl "5400+30"]

1. e4 c5 2. Nf3 e6 3. c3 d5 4. exd5 exd5 5. d4 Nf6 6. Bd3 Be7 7. h3 O-O 8. O-O Nc6 9. dxc5 Ne4 10. Be3 Nxc5 11. Bxc5 Bxc5 12. Nbd2 Qf6 13. Qc2 g6 14. Rad1 Bb6 15. Nb3 Bxh3 16. Be2 Bf5 17. Qd2 Rfe8 18. Rfe1 Be4 19. Nbd4 Bc7 20. Qh6 Bf4 21. Qh3 h5 22. Bd3 Rad8 23. Nxc6 bxc6 24. Bxe4 dxe4 25. Rxd8 Qxd8 26. Nd4 c5 27. Nb3 Qd5 28. g3 Bg5 29. Qf1 e3 30. f4 Bd8 31. Qb5 Re6 32. Qe2 Bb6 33. c4 Qe4 34. Nc1 h4 35. Nd3 hxg3 36. Ne5 Qxf4 37. Qxe3 Qh4 38. Qf3 Rxe5 39. Rxe5 Qh2+ 40. Kf1 g2+ 41. Qxg2 Qxe5 42. Qd2 Kg7 43. b3 Bc7 44. Kg2 Qg3+ 45. Kf1 Qf4+ 46. Ke2 Qxd2+ 47. Kxd2 f5 48. a3 a5 49. Ke3 g5 50. Kf2 g4 51. Kg2 f4 52. Kg1 f3 53. Kf2 Bf4 54. Kg1 g3 55. Kf1 Kg6 56. Kg1 Kf5 57. Kh1 Ke4 58. Kg1 Kd3 59. Kf1 Kc3 60. b4 Kxc4 61. bxa5 Kb5 62. a4+ Kxa5 0-1

[Event "5th Baskent University Open 2022"]
[Site "Ankara"]
[Date "2022.07.04"]
[Round "4.24"]
[White "Kocakaplan, Emre"]
[Black "Banci, Dogancan"]
[Result "0-1"]
[ECO "A27"]
[WhiteElo "1805"]
[BlackElo "1608"]
[Annotator "NA RC"]
[PlyCount "128"]
[EventDate "2022.07.02"]
[EventType "swiss"]
[EventCountry "TUR"]
[SourceTitle "playchess.com"]
[Source "ChessBase"]
[SourceQuality "1"]
[TimeControl "5400+30"]

1. c4 e5 2. Nc3 Nc6 3. Nf3 f5 4. d4 e4 5. Ng5 Bb4 6. g3 Nf6 7. a3 Bxc3+ 8. bxc3 O-O 9. Bg2 ({Better is} 9. c5 Na5 10. Bg2) 9... d6 10. O-O Qe8 11. f3 h6 12. Nh3 Na5 13. fxe4 fxe4 14. Nf4 Nxc4 15. Qb3 Qc6 16. Ng6 Rf7 17. Rb1 Kh7 18. Nf4 d5 19. Qc2 Bf5 20. a4 a6 21. Rb4 $19 g6 22. h3 h5 23. Qb3 b6 24. Nxd5 Nxd5 25. Rxc4 Qd6 26. Bf4 Nxf4 27. Rxf4 {[%emt 0:00:12] [#]} Be6 $1 28. Rxf7+ Bxf7 29. Qb4 Bxc4 30. Qxc4 Rf8 ({Not} 30... Qxg3 $2 31. Qf7+ Kh6 32. Qf2 Qxc3 33. Qf4+ Kg7 34. Qe5+ Kh7 35. Qxe4 $19) 31. g4 (31. Qb4 $142) 31... hxg4 32. hxg4 Qg3 33. Qe6 Qf2+ 34. Kh1 e3 35. Bf3 Qh4+ 36. Kg2 Qf6 37. Qxe3 Kg7 38. g5 Qd6 39. Kf2 Rf5 40. Kg2 Qd8 41. Kf1 Qxg5 42. Qe8 Qf6 43. Ke1 Qf7 44. Qc6 Qe7 45. Kd2 Rf6 46. Qc4 a5 47. Kc2 g5 48. Qd5 Kh6 49. Qg8 $2 (49. Kd3 {might work better.}) 49... Qh7+ 50. Qxh7+ Kxh7 51. Kd3 Rf4 52. Be4+ Kh6 53. e3 Rf2 54. Bc6 g4 55. Kc4 g3 56. Kb5 g2 57. Bxg2 Rxg2 58. Kc6 Rg7 59. e4 Kg6 60. c4 Kf6 61. c5 bxc5 62. Kxc5 Ke6 63. Kb5 Rg4 64. d5+ Ke5 0-1